SAA
LITTLE CAESARS HOT N READYS @ LANCASTER FARMERS
07/03/2024
 
TOP OF THE 1ST
Little Caesars Hot N Readys batting - Pitching for Lancaster Farmers : RHP John Boyle
Pitching: RHP John Boyle
Batting: LHB César Muńóz 0-0: Ball
1-0: Ball
2-0: Ball
3-0: Called Strike
3-1: Called Strike
3-2: Foul Ball, location: 2F
3-2: Ground out 3-1 (Groundball, 34)
Batting: RHB Spencer Curry 0-0: Ball
1-0: Ball
2-0: Ball
3-0: Base on Balls
Batting: LHB Andrés Chávez 0-0: Called Strike
0-1: Ball
1-1: Called Strike
1-2: Ball
2-2: Fly out, F6 (Popup, 6D)
Batting: RHB Mo Zhou 0-0: Fly out, F6 (Popup, 4MD)
Top of the 1st over - 0 run(s), 0 hit(s), 0 error(s), 1 left on base; Little Caesars 0 - Lancaster 0
BOTTOM OF THE 1ST
Lancaster Farmers batting - Pitching for Little Caesars Hot N Readys : RHP Pat Hunt
Pitching: RHP Pat Hunt
Batting: SHB Orlando Miranda 0-0: Ball
1-0: Called Strike
1-1: Ball
2-1: Foul Ball, location: 2F
2-2: Ball
3-2: Foul Ball, location: 2F
3-2: SINGLE (Groundball, 3D)
Batting: RHB Carl Bryant 0-0: Ball
1-0: Ball
2-0: Foul Ball, location: 2F
2-1: Ball
3-1: Fly out, F3 (Popup, 3F)
Batting: RHB Ricardo Pacheco 0-0: Ball
1-0: Fly out, F9 (Flyball, 9M)
Batting: LHB Rob Wilson 0-0: Foul Ball, location: 2F
0-1: Called Strike
0-2: Ball
1-2: Strikes out swinging
Bottom of the 1st over - 0 run(s), 1 hit(s), 0 error(s), 1 left on base; Little Caesars 0 - Lancaster 0
TOP OF THE 2ND
Little Caesars Hot N Readys batting - Pitching for Lancaster Farmers : RHP John Boyle
Batting: SHB Ryan Forrest 0-0: Ball
1-0: Called Strike
1-1: Swinging Strike
1-2: Ball
2-2: Strikes out swinging
Batting: RHB John Thompson 0-0: Ball
1-0: Ball
2-0: Swinging Strike
2-1: SINGLE (Groundball, 34)
Batting: RHB Mike Thompson 0-0: Ball
1-0: Foul Ball, location: 2F
1-1: DOUBLE (Line Drive, 7LS)
John Thompson to third
Batting: RHB Lorenzo Sabastro 0-0: Ball
1-0: Swinging Strike
1-1: Ground out 6-3 (Groundball, 6M)
John Thompson scores
Mike Thompson to third
Batting: RHB Young-hwan Hyon 0-0: Foul Ball, location: 2F
0-1: Ball
1-1: Foul Ball, location: 2F
1-2: Ground out 5-3 (Groundball, 56)
Top of the 2nd over - 1 run(s), 2 hit(s), 0 error(s), 1 left on base; Little Caesars 1 - Lancaster 0
BOTTOM OF THE 2ND
Lancaster Farmers batting - Pitching for Little Caesars Hot N Readys : RHP Pat Hunt
Batting: RHB Barkley B. Cooltimes 0-0: Ball
1-0: Ball
2-0: Ball
3-0: Called Strike
3-1: Base on Balls
Batting: RHB António Jiménez 0-0: Ball
1-0: Grounds into double play, 4-6-3 (Groundball, 4)
Batting: LHB Ramón Gómez 0-0: Swinging Strike
0-1: Ball
1-1: Swinging Strike
1-2: Fly out, F7 (Line Drive, 7M)
Bottom of the 2nd over - 0 run(s), 0 hit(s), 0 error(s), 0 left on base; Little Caesars 1 - Lancaster 0
TOP OF THE 3RD
Little Caesars Hot N Readys batting - Pitching for Lancaster Farmers : RHP John Boyle
Batting: LHB César Muńóz 0-0: Ball
1-0: Ball
2-0: Called Strike
2-1: Ball
3-1: Base on Balls
Batting: RHB Spencer Curry 0-0: Called Strike
Throwing error on steal attempt, E2
César Muńóz to third
0-1: Ball
1-1: Swinging Strike
1-2: Strikes out swinging
Batting: LHB Andrés Chávez 0-0: Foul Ball, location: 2F
0-1: Ball
1-1: Foul Ball, location: 2F
1-2: Ball
2-2: Fly out, F8 (Flyball, 8RM)
Runner from 3rd tags up, SCORES, no throw
Batting: RHB Mo Zhou 0-0: Called Strike
0-1: Called Strike
0-2: Ball
1-2: Foul Ball, location: 2F
1-2: Ball
2-2: Fly out, F8 (Flyball, 8RXD)
Top of the 3rd over - 1 run(s), 0 hit(s), 1 error(s), 0 left on base; Little Caesars 2 - Lancaster 0
BOTTOM OF THE 3RD
Lancaster Farmers batting - Pitching for Little Caesars Hot N Readys : RHP Pat Hunt
Batting: RHB Henry Womack 0-0: Swinging Strike
0-1: SINGLE (Groundball, 56)
Batting: RHB Rodrigo Velasco 0-0: Ball
1-0: Swinging Strike
1-1: SINGLE (Flyball, 8LS)
Henry Womack to second
Batting: SHB Orlando Miranda 0-0: Fly out, F8 (Flyball, 8LM)
Batting: RHB Carl Bryant 0-0: Grounds into double play, 4-6-3 (Groundball, 4)
Bottom of the 3rd over - 0 run(s), 2 hit(s), 0 error(s), 1 left on base; Little Caesars 2 - Lancaster 0
TOP OF THE 4TH
Little Caesars Hot N Readys batting - Pitching for Lancaster Farmers : RHP John Boyle
Batting: SHB Ryan Forrest 0-0: Swinging Strike
0-1: Foul Ball, location: 2F
0-2: Ground out 6-3 (Groundball, 6MD)
Batting: RHB John Thompson 0-0: Foul Ball, location: 2F
0-1: Ball
1-1: SINGLE (Line Drive, 34D)
Batting: RHB Mike Thompson 0-0: Ball
1-0: Called Strike
1-1: Ball
2-1: DOUBLE (Line Drive, 4M)
John Thompson to third
Batting: RHB Lorenzo Sabastro 0-0: Ball
1-0: Ball
2-0: Ball
3-0: Called Strike
3-1: Base on Balls
Batting: RHB Young-hwan Hyon 0-0: Called Strike
0-1: Ball
1-1: Ball
2-1: Fly out, F9 (Flyball, 9M)
Batting: LHB César Muńóz 0-0: Ball
1-0: Called Strike
1-1: Ball
2-1: Fly out, F7 (Flyball, 78M)
Top of the 4th over - 0 run(s), 2 hit(s), 0 error(s), 3 left on base; Little Caesars 2 - Lancaster 0
BOTTOM OF THE 4TH
Lancaster Farmers batting - Pitching for Little Caesars Hot N Readys : RHP Pat Hunt
Batting: RHB Ricardo Pacheco 0-0: Ball
1-0: Ball
2-0: Ball
3-0: Base on Balls
Batting: LHB Rob Wilson 0-0: Fly out, F5 (Popup, 5DF)
Batting: RHB Barkley B. Cooltimes 0-0: Fly out, F9 (Flyball, 89M)
Batting: RHB António Jiménez 0-0: Ball
Ricardo Pacheco steals 2nd base
1-0: Ground out 5-3 (Groundball, 5S)
Bottom of the 4th over - 0 run(s), 0 hit(s), 0 error(s), 1 left on base; Little Caesars 2 - Lancaster 0
TOP OF THE 5TH
Little Caesars Hot N Readys batting - Pitching for Lancaster Farmers : RHP John Boyle
Batting: RHB Spencer Curry 0-0: Called Strike
0-1: Foul Ball, location: 2F
0-2: SINGLE (Line Drive, 78S)
Batting: LHB Andrés Chávez 0-0: Swinging Strike
0-1: Ball
1-1: Foul Ball, location: 2F
1-2: Foul Ball, location: 2F
1-2: Ball
2-2: Foul Ball, location: 2F
2-2: Ball
3-2: Base on Balls
Spencer Curry to second
Batting: RHB Mo Zhou 0-0: Called Strike
0-1: Foul Ball, location: 2F
0-2: SINGLE (Line Drive, 9S)
Spencer Curry to third
Andrés Chávez to second
Batting: SHB Ryan Forrest 0-0: Called Strike
0-1: Called Strike
0-2: Fly out, F9 (Line Drive, 9M)
Runner from 3rd tags up, OUT at HOME
Andrés Chávez to third
Mo Zhou to second
Batting: RHB John Thompson 0-0: Called Strike
0-1: Ball
1-1: Foul Ball, location: 2F
1-2: Foul Ball, location: 2F
1-2: Ball
2-2: Ball
3-2: Fly out, F3 (Popup, 3F)
Top of the 5th over - 0 run(s), 2 hit(s), 0 error(s), 2 left on base; Little Caesars 2 - Lancaster 0
BOTTOM OF THE 5TH
Lancaster Farmers batting - Pitching for Little Caesars Hot N Readys : RHP Pat Hunt
Batting: LHB Ramón Gómez 0-0: Called Strike
0-1: Ball
1-1: Ball
2-1: Ground out 1-3 (Groundball, 13S)
Batting: RHB Henry Womack 0-0: Ball
1-0: Called Strike
1-1: Called Strike
1-2: Ball
2-2: Foul Ball, location: 2F
2-2: Ball
3-2: Fly out, F3 (Popup, 3DF)
Batting: RHB Rodrigo Velasco 0-0: Swinging Strike
0-1: Called Strike
0-2: Strikes out swinging
Bottom of the 5th over - 0 run(s), 0 hit(s), 0 error(s), 0 left on base; Little Caesars 2 - Lancaster 0
TOP OF THE 6TH
Little Caesars Hot N Readys batting - Pitching for Lancaster Farmers : RHP John Boyle
Batting: RHB Mike Thompson 0-0: Foul Ball, location: 2F
0-1: Swinging Strike
0-2: Ground out 6-3 (Groundball, 6)
Batting: RHB Lorenzo Sabastro 0-0: SINGLE (Line Drive, 56D)
Pitching: LHP Sergio Cruz
Batting: RHB Young-hwan Hyon 0-0: Ball
1-0: Ball
2-0: Foul Ball, location: 2F
2-1: Ball
3-1: Swinging Strike
3-2: Foul Ball, location: 2F
3-2: Strikes out swinging
Lorenzo Sabastro steals 2nd base
Batter strikes out.
Batting: LHB César Muńóz 0-0: Called Strike
0-1: Foul Ball, location: 2F
0-2: Ball
1-2: SINGLE (Line Drive, 89S)
Lorenzo Sabastro to third
Runner from 3rd tries for Home, SAFE, no throw or cutoff
Batting: RHB Spencer Curry 0-0: Ball
1-0: Foul Ball, location: 2F
1-1: SINGLE (Groundball, 56D)
César Muńóz to second
Batting: LHB Andrés Chávez 0-0: SINGLE (Line Drive, 8RS)
César Muńóz to third
Spencer Curry to second
Batting: RHB Mo Zhou 0-0: Called Strike
0-1: Foul Ball, location: 2F
0-2: Ball
1-2: Foul Ball, location: 2F
1-2: Strikes out swinging
Top of the 6th over - 1 run(s), 4 hit(s), 0 error(s), 3 left on base; Little Caesars 3 - Lancaster 0
BOTTOM OF THE 6TH
Lancaster Farmers batting - Pitching for Little Caesars Hot N Readys : RHP Pat Hunt
Batting: SHB Orlando Miranda 0-0: Swinging Strike
0-1: Called Strike
0-2: Strikes out looking
Batting: RHB Carl Bryant 0-0: Called Strike
0-1: Ball
1-1: Foul Ball, location: 2F
1-2: Foul Ball, location: 2F
1-2: DOUBLE (Line Drive, 9LM)
Batting: RHB Ricardo Pacheco 0-0: Called Strike
0-1: Ball
1-1: Ball
2-1: Called Strike
2-2: Foul Ball, location: 2F
2-2: Ball
3-2: Ground out 4-3 (Groundball, 4)
Carl Bryant to third
Batting: LHB Rob Wilson 0-0: Ball
1-0: Called Strike
1-1: Foul Ball, location: 2F
1-2: Ground out U3 (Groundball, 3S)
Bottom of the 6th over - 0 run(s), 1 hit(s), 0 error(s), 1 left on base; Little Caesars 3 - Lancaster 0
TOP OF THE 7TH
Little Caesars Hot N Readys batting - Pitching for Lancaster Farmers : LHP Sergio Cruz
Batting: SHB Ryan Forrest 0-0: Called Strike
0-1: Ground out 6-3 (Groundball, 6)
Batting: RHB John Thompson 0-0: Foul Ball, location: 2F
0-1: Foul Ball, location: 2F
0-2: Ball
1-2: Foul Ball, location: 2F
1-2: Ground out 1-3 (Groundball, 23)
Batting: RHB Mike Thompson 0-0: Swinging Strike
0-1: Ball
1-1: Ball
2-1: Hit by Pitch
Batting: RHB Lorenzo Sabastro 0-0: Ball
1-0: Called Strike
1-1: Ground out 5-3 (Groundball, 56)
Top of the 7th over - 0 run(s), 0 hit(s), 0 error(s), 1 left on base; Little Caesars 3 - Lancaster 0
BOTTOM OF THE 7TH
Lancaster Farmers batting - Pitching for Little Caesars Hot N Readys : RHP Pat Hunt
Batting: RHB Barkley B. Cooltimes 0-0: Ball
1-0: Called Strike
1-1: Called Strike
1-2: Fly out, F7 (Flyball, 7M)
Batting: RHB António Jiménez 0-0: Called Strike
0-1: Called Strike
0-2: Ball
1-2: Ball
2-2: Foul Ball, location: 2F
2-2: Foul Ball, location: 2F
2-2: Foul Ball, location: 2F
2-2: DOUBLE (Line Drive, 8LM)
Batting: LHB Ramón Gómez 0-0: Swinging Strike
0-1: Foul Ball, location: 2F
0-2: DOUBLE (Line Drive, 3D)
António Jiménez scores
Batting: RHB Henry Womack 0-0: Ball
1-0: 2-RUN HOME RUN (Flyball, 7D), Distance : 400 ft
Batting: RHB Rodrigo Velasco 0-0: Ball
1-0: Called Strike
1-1: Fly out, F3 (Popup, 4MS)
Pinch Hitting: LHB Brad Tillman 0-0: Called Strike
0-1: Ball
1-1: Ball
2-1: Swinging Strike
2-2: Foul Ball, location: 2F
2-2: Foul Ball, location: 2F
2-2: Ball
3-2: Fly out, F4 (Line Drive, 4)
Bottom of the 7th over - 3 run(s), 3 hit(s), 0 error(s), 0 left on base; Little Caesars 3 - Lancaster 3
TOP OF THE 8TH
Little Caesars Hot N Readys batting - Pitching for Lancaster Farmers : LHP Sergio Cruz
Now in LF: Brad Tillman
Batting: RHB Young-hwan Hyon 0-0: Swinging Strike
0-1: Foul Ball, location: 2F
0-2: Strikes out swinging
Batting: LHB César Muńóz 0-0: Fly out, F9 (Flyball, 89M)
Batting: RHB Spencer Curry 0-0: Called Strike
0-1: Ball
1-1: Called Strike
1-2: Foul Ball, location: 2F
1-2: Foul Ball, location: 2F
1-2: Ball
2-2: SINGLE (Line Drive, 78S)
Batting: LHB Andrés Chávez 0-0: Ball
1-0: Called Strike
1-1: SINGLE (Line Drive, 34D)
Spencer Curry to second
Batting: RHB Mo Zhou 0-0: Ball
1-0: Called Strike
1-1: SINGLE (Groundball, 56)
Spencer Curry to third
Andrés Chávez to second
Runner from 3rd tries for Home, SAFE, no throw or cutoff
Pitching: LHP António Torrez
Batting: SHB Ryan Forrest 0-0: Ball
1-0: Ball
2-0: Swinging Strike
2-1: Foul Ball, location: 2F
2-2: Foul Ball, location: 2F
2-2: Foul Ball, location: 2F
2-2: Strikes out looking
Top of the 8th over - 1 run(s), 3 hit(s), 0 error(s), 2 left on base; Little Caesars 4 - Lancaster 3
BOTTOM OF THE 8TH
Lancaster Farmers batting - Pitching for Little Caesars Hot N Readys : RHP Pat Hunt
Pitching: RHP Jim Unknown
Batting: RHB Carl Bryant 0-0: Ground out 5-3 (Groundball, 5S)
Batting: RHB Ricardo Pacheco 0-0: Called Strike
0-1: Ball
1-1: Foul Ball, location: 2F
1-2: Ball
2-2: Ground out 5-3 (Groundball, 5S)
Batting: LHB Rob Wilson 0-0: Called Strike
0-1: Called Strike
0-2: Ball
1-2: Ball
2-2: Strikes out swinging
Bottom of the 8th over - 0 run(s), 0 hit(s), 0 error(s), 0 left on base; Little Caesars 4 - Lancaster 3
TOP OF THE 9TH
Little Caesars Hot N Readys batting - Pitching for Lancaster Farmers : LHP António Torrez
Pitching: RHP Kyle Lucas
Batting: RHB John Thompson 0-0: Foul Ball, location: 2F
0-1: Called Strike
0-2: SINGLE (Line Drive, 4D)
Pinch Hitting: LHB David Hunt 0-0: Bunt missed!
0-1: Bunted foul
0-2: Foul Ball, location: 2F
0-2: Foul Ball, location: 2F
0-2: Ball
1-2: Ball
2-2: Foul Ball, location: 2F
2-2: Grounds into double play, 4-6-3 (Groundball, 4)
Batting: RHB Lorenzo Sabastro 0-0: Foul Ball, location: 2F
0-1: Ball
1-1: Ball
2-1: Foul Ball, location: 2F
2-2: Foul Ball, location: 2F
2-2: Strikes out swinging
Top of the 9th over - 0 run(s), 1 hit(s), 0 error(s), 0 left on base; Little Caesars 4 - Lancaster 3
BOTTOM OF THE 9TH
Lancaster Farmers batting - Pitching for Little Caesars Hot N Readys : RHP Jim Unknown
Now at C: Jim Unknown
Batting: RHB Barkley B. Cooltimes 0-0: Called Strike
0-1: Swinging Strike
0-2: Ball
1-2: Strikes out swinging
Batting: RHB António Jiménez 0-0: Called Strike
0-1: Called Strike
0-2: Ball
1-2: Ball
2-2: Ground out 6-3 (Groundball, 6M)
Batting: LHB Ramón Gómez 0-0: Ball
1-0: Ground out 4-3 (Groundball, 4)
Bottom of the 9th over - 0 run(s), 0 hit(s), 0 error(s), 0 left on base; Little Caesars 4 - Lancaster 3
This league is powered by Out of the Park Baseball, the baseball management simulation game for PC, Mac and Linux
Monday, October 3rd, 2016 - OOTP Baseball 16.9 Build 39